 Dungeon Crawl Stone Soup version 0.27-a0-1200-g94dc6ad4cf (webtiles) character file.

Game seed: 17664345275902448534

1349 Lanoc the Covert (level 8, -2/53 (57) HPs)
             Began as an Octopode Delver on June 1, 2021.
             Was a Follower of Dithmenos.
             Slain by a wight
             ... wielding a +3 hand axe
              (10 damage)
             ... on level 6 of the Dungeon.
             The game lasted 00:06:38 (6212 turns).

Lanoc the Covert (Octopode Delver)                  Turns: 6212, Time: 00:06:39

HP:   -2/53 (57)    AC:  1    Str: 11    XL:     8   Next: 63%
MP:   8/8           EV: 15    Int: 18    God:    Dithmenos [*.....]
Gold: 305           SH:  0    Dex: 16    Spells: 7/7 levels left

rFire    . . .     SeeInvis .   s - +2 dagger (speed)
rCold    . . .     Faith    .   (no shield)
rNeg     . . .     Spirit   .   (helmet restricted)
rPois    .         Reflect  .   (no amulet)
rElec    .         Harm     .   k - ring of willpower
rCorr    .         Rampage  .   t - ring of flight
Will     +....                  u - +6 ring of intelligence
Stlth    +++++++...             (no ring)
HPRegen  0.17/turn              (no ring)
MPRegen  0.11/turn              (no ring)
                                (no ring)
                                (no ring)

@: flying, wreathed by umbra, drained
A: almost no armour, amphibious, 8 rings, camouflage 1, gelatinous body 1,
(nimble swimmer 1), tentacles
a: Renounce Religion


You were on level 6 of the Dungeon.
You worshipped Dithmenos.
Dithmenos was aware of your devotion.
You visited 1 branch of the dungeon, and saw 5 of its levels.

You collected 305 gold pieces.

Inventory:

Hand Weapons
 s - a +2 dagger of speed (weapon)
Missiles
 n - 2 atropa-tipped darts (quivered)
 x - 2 throwing nets
 A - a curare-tipped dart
Jewellery
 k - a ring of willpower (left tentacle)
 t - a ring of flight (right tentacle)
 u - a +6 ring of intelligence (on tentacle)
Wands
 f - a wand of digging (3)
 v - a wand of iceblast (11)
Scrolls
 b - 2 scrolls of fog
 c - 2 scrolls of magic mapping
 d - a scroll of fear
 g - 6 scrolls of teleportation {unknown}
 h - 3 scrolls of identify {unknown}
 m - a scroll of noise {unknown}
 o - a scroll of blinking {unknown}
 r - a scroll of enchant armour {unknown}
 y - a scroll of amnesia {unknown}
Potions
 a - 2 potions of degeneration {unknown}
 e - 2 potions of haste
 i - a potion of curing {unknown}
 j - 2 potions of mutation {unknown}
 l - a potion of magic {unknown}
 p - a potion of invisibility {unknown}
 q - a potion of ambrosia {unknown}
 w - a potion of brilliance {unknown}
 z - 2 potions of heal wounds {unknown}
 B - a potion of attraction {unknown}


   Skills:
 + Level 5.9 Fighting
 - Level 2.0 Short Blades
 + Level 5.4 Dodging
 * Level 12.0 Stealth


You had 7 spell levels left.
You didn't know any spells.
Your spell library was empty.

Dungeon Overview and Level Annotations

Branches:
Dungeon (6/15)
 Temple: D:4-7

Altars:
Dithmenos
Gozag
Hepliaklqana
Nemelex Xobeh
Okawaru
Sif Muna
Trog


Innate Abilities, Weirdness & Mutations

You cannot wear most types of armour.
You are amphibious.
You can wear up to eight rings at the same time.
Your skin changes colour to match your surroundings (Stealth+).
Your rubbery body absorbs attacks. (AC +1, EV +1)
((You are camouflaged near water. (Stealth+)))
You have tentacles for arms and can constrict up to eight enemies at once.


Message History

You constrict the wight, but do no damage.
The wight hits you with a +3 hand axe!
You hit the wight but do no damage. You squeeze the wight.
The wight is lightly damaged.
You constrict the wight, but do no damage.
The wight hits you with a +3 hand axe.
You hit the wight but do no damage.
The wight is lightly damaged.
You constrict the wight. You hit the wight but do no damage.
You squeeze the wight, but do no damage.
The wight is moderately damaged.
You constrict the wight. The wight hits you with a +3 hand axe!
You are too injured to fight recklessly!
You release your grip on the wight.
You hit the wight. Your grab misses the wight. Your squeeze misses the wight.
The wight is moderately damaged.
The wight misses you.
You hit the wight. You grab the wight.
You squeeze the wight, but do no damage.
The wight is moderately damaged.
You constrict the wight, but do no damage.
The wight hits you with a +3 hand axe!
You feel drained.
You hit the wight but do no damage.
The wight is moderately damaged.
You constrict the wight.
The kobold shouts!
You hit the wight but do no damage.
The wight is heavily damaged.
You constrict the wight, but do no damage.
The wight hits you with a +3 hand axe!
* * * LOW HITPOINT WARNING * * *
You feel drained.
* * * LOW HITPOINT WARNING * * *
You release your grip on the wight.
You see here 14 stones.
There is an open door here.
There is a stone staircase leading up here.
The wight hits you with a +3 hand axe!
You die...

#####'.#####..K....##..#.......#
............(.######.z.#.......##
....########..##..###.##..######.
....# #........##8#.....# ##..
...## #....>..##..K..##.# #...
...# #......##..8#..#<.# #...
...# ##.....##.z.###...## #...
...# #......#8z.## #.### ##..
..## #.######.@.# ##.# ##. .##
#.# #8..###..# ## ## ##.#
##)..##.## #..########..8#.#
#.........##....#
#############8### ###


You could see 2 wights and a kobold.

Vanquished Creatures
  3 black bears
  A phantom (D:5)
  2 kobold brigands
  A bullfrog (D:6)
  3 scorpions
  A wight (D:6)
  2 centaur zombies
  A hound (D:5)
  2 orc priests (D:4)
  3 jellies
  2 iguanas (D:5)
  2 orc wizards (D:4)
  A hound skeleton (D:5)
  A hound zombie (D:5)
  2 howler monkey skeletons
  13 adders
  An ufetubus (D:6)
  2 worms
  2 dart slugs
  12 orcs
  3 bats
  5 endoplasms
  2 giant cockroaches
  2 goblins
  7 hobgoblins
  A quokka (D:4)
  3 ball pythons
  5 frilled lizards
  10 kobolds
  3 rats
  A spectral kobold (D:5)
99 creatures vanquished.

Vanquished Creatures (others)
  6 plants (D:5)
6 creatures vanquished.

Grand Total: 105 creatures vanquished

Notes
Turn   | Place    | Note
-------+----------+-------------------------------------------
     0 | D:5      | Lanoc the Octopode Delver began the quest for the Orb.
     0 | D:5      | Reached XP level 1. HP: 16/16 MP: 1/1
   225 | D:3      | Reached skill level 7 in Stealth
   225 | D:3      | Reached XP level 2. HP: 12/21 MP: 2/2
   225 | D:3      | Reached XP level 3. HP: 14/26 MP: 3/3
   385 | D:3      | Reached XP level 4. HP: 10/31 MP: 4/4
   824 | D:3      | Reached skill level 8 in Stealth
  1192 | D:2      | Reached XP level 5. HP: 37/37 MP: 5/5
  2563 | D:4      | Noticed a black bear
  2568 | D:4      | Killed a black bear
  2569 | D:4      | Reached skill level 9 in Stealth
  2569 | D:4      | Reached XP level 6. HP: 43/43 MP: 6/6
  2840 | D:4      | Found a shadowy altar of Dithmenos.
  2843 | D:4      | Became a worshipper of Dithmenos the Shadowed
  3020 | D:4      | Reached XP level 7. HP: 26/49 MP: 7/7
  3464 | D:5      | Reached skill level 10 in Stealth
  3578 | D:5      | Found a bloodstained altar of Trog.
  3591 | D:5      | Reached skill level 5 in Fighting
  4086 | D:5      | Reached XP level 8. HP: 30/55 MP: 8/8
  4281 | D:5      | Found a shimmering blue altar of Sif Muna.
  4409 | D:5      | Reached skill level 11 in Stealth
  4558 | D:5      | Found a hazy altar of Hepliaklqana.
  4804 | D:5      | Reached * piety under Dithmenos
  5084 | D:6      | Found an iron altar of Okawaru.
  5094 | D:6      | Reached skill level 5 in Dodging
  5285 | D:6      | Found an opulent altar of Gozag.
  5877 | D:6      | Found a sparkling altar of Nemelex Xobeh.
  6138 | D:6      | Reached skill level 12 in Stealth
  6212 | D:6      | Slain by a wight

Illustrated notes

Levels and vault maps discovered:
D:2:      layout_basic, chequers_jeans
D:3:      layout_basic, st_stairs_5, kennysheep_donut
D:4:      layout_basic, grunt_dithmenos_smoke_and_mirrors,
          kennysheep_generic_room_10
D:5:      layout_loops_ring, nicolae_hepliaklqana_monster_ancestors,
          trog_ov_bears_minmay, general_overflow_altar, lexackson_kobold_supper
D:6:      layout_rooms, nemelex_diamond_rough_becter,
          nicolae_uskayaw_dance_studio, lemuel_crystal_altar,
          amcnicky_altar_gilded, minivault_11, grunt_ministairs_8,
          eino_tiny_chamber

Skill      XL: |  1  2  3  4  5  6  7  8 |
---------------+-------------------------+-----
Stealth        | 7 8 9 10 12 | 12.0
Dodging        | 3 4 5 |  5.4
Fighting       | 4 5 |  5.9
Short Blades   | |  2.0

Action                   |  1- 3 |  4- 6 |  7- 9 || total
-------------------------+-------+-------+-------++-------
Melee: Short sword       |    22 |   110 |     1 ||   133
       Tentacles         |     3 |    16 |    35 ||    54
       Constrict         |     4 |    20 |    24 ||    48
       Dagger            |       |       |   141 ||   141
 Stab: Sleeping          |     2 |    28 |     7 ||    37
       Distracted        |       |       |     2 ||     2
Armor: Skin              |     1 |     2 |     3 ||     6
Dodge: Dodged            |    16 |    63 |    59 ||   138

Table legend: (Time is in decaauts)
 A = Elapsed time spent in this place.
 B = Non-inter-level travel time spent in this place.
 C = Inter-level travel time spent in this place.
 D = Time resting spent in this place.
 E = Time spent auto-exploring this place.
 F = Levels seen in this place.
 G = Mean time per level.
                   A        B        C        D        E       F      G
               +--------+--------+--------+--------+--------+-----+--------+
         Total |   6155 |   6046 |    109 |    310 |   5041 |   5 | 1231.0 |
       Dungeon |   6155 |   6046 |    109 |    310 |   5041 |   5 | 1231.0 |
               +--------+--------+--------+--------+--------+-----+--------+

Top non-repeatable levels by time:
     D:5: 1408 daAuts
     D:4: 1336 daAuts
     D:6: 1147 daAuts
     D:2: 1146 daAuts
     D:3: 1115 daAuts
